 Dungeon Crawl Stone Soup version 0.30.1-9-gdf580d7c3d (webtiles) character file.

Game seed: 11004388931974889235

20410 Zalbag the Nimble (level 13, -23/97 HPs)
             Began as a Djinni Fire Elementalist on Oct 25, 2023.
             Was an Elder of Makhleb.
             Annihilated by a komodo dragon (24 damage)
             ... on level 1 of the Lair of Beasts.
             The game lasted 00:42:53 (15625 turns).

Zalbag the Nimble (Djinni Fire Elementalist)       Turns: 15625, Time: 00:42:53

Health: -23/97     AC:  6    Str:  7    XL:     13   Next: 12%
Gold:   1442       EV: 17    Int: 31    God:    Makhleb [****..] SH:  0 Dex: 14

rFire   + + .        X - +4 dagger "Jaruzuge" {flame, rCorr}
rCold   . . .        (no shield)
rNeg    . . .        a - +0 robe
rPois   ∞            O - +0 helmet {Int+3}
rElec   .            v - +2 cloak
rCorr   +            (no gloves)
SInv    .            (boots unavailable)
Will    +....        f - amulet of the acrobat
Stlth   ++++         y - ring of protection from cold
HPRegen 0.36/turn    A - +6 ring of intelligence
MPRegen 0.00/turn

%: acrobat, infuse magic (-24 HP)
@: flying
A: sickness immunity, fire resistance 2, cold vulnerability 1, float, innate
caster, HP casting, extra vitality 1
a: Renounce Religion, Minor Destruction, Lesser Servant of Makhleb, Major
Destruction


You were on level 1 of the Lair of Beasts.
You worshipped Makhleb.
Makhleb was greatly pleased with you.
You visited 4 branches of the dungeon, and saw 15 of its levels.
You also visited: Bailey.

You collected 1442 gold pieces.

Inventory:

Hand Weapons
 x - a +1 rapier of venom
 P - a +2 halberd of protection
 X - the +4 dagger "Jaruzuge" (weapon) {flame, rCorr}
   (You found it on level 12 of the Dungeon)

   rCorr:     It protects you from acid and corrosion.
Missiles
 e - 2 silver javelins
 w - 25 boomerangs (quivered)
 B - 27 poisoned darts
 D - a throwing net
 I - 8 curare-tipped darts
 T - 4 atropa-tipped darts
Armour
 a - a +0 robe (worn)
 v - a +2 cloak (worn)
 O - a +0 helmet of intelligence (worn)
 U - a +1 ring mail of cold resistance
Jewellery
 f - an amulet of the acrobat (around neck)
 y - a ring of protection from cold (left hand)
 z - a ring of ice
 A - a +6 ring of intelligence (right hand)
 F - a +6 ring of intelligence
 J - a ring of willpower
 S - the ring "Beusifon" {rElec rF++ Str-2 SInv Stlth+}
   (You found it in a bailey)

   [ring of see invisible]

   Str:       It affects your strength (-2).
   rF:        It greatly protects you from fire.
   rElec:     It insulates you from electricity.
   SInv:      It lets you see invisible.
   Stlth:     It makes you more stealthy.
Wands
 j - a wand of flame (4)
 E - a wand of mindburst (16)
 H - a wand of iceblast (13)
 R - a wand of light (23)
Scrolls
 b - a scroll of enchant weapon {unknown}
 d - 4 scrolls of magic mapping {unknown}
 g - a scroll of amnesia
 h - 7 scrolls of teleportation
 l - 2 scrolls of noise
 m - 3 scrolls of vulnerability {unknown}
 p - 3 scrolls of enchant armour
 u - 2 scrolls of fear {unknown}
 K - a scroll of fog
 M - 2 scrolls of immolation
 N - a scroll of butterflies {unknown}
 W - 2 scrolls of brand weapon {unknown}
Potions
 i - 6 potions of curing
 k - a potion of mutation
 n - a potion of ambrosia {unknown}
 o - 4 potions of flight
 q - 5 potions of degeneration {unknown}
 r - 2 potions of heal wounds
 s - 2 potions of lignification
 t - a potion of magic {unknown}
 C - a potion of berserk rage {unknown}
 G - a potion of cancellation {unknown}
 L - 2 potions of attraction {unknown}
 Q - a potion of invisibility {unknown}
Miscellaneous
 c - a box of beasts (inert)
 V - a lightning rod (2/4)


   Skills:
 + Level 10.6 Fighting
 - Level 1.0 Short Blades
 + Level 11.4 Dodging
 - Level 7.3 Stealth
 + Level 9.6 Spellcasting
 - Level 4.3 Evocations


You knew the following spells:

 Your Spells              Type           Power      Damage    Failure   Level
a - Foxfire               Conj/Fire      100%       2x1d9     1%          1
b - Scorch                Fire           100%       2d9       1%          2
c - Volatile Blastmotes   Fire/Tloc      100%       2d18      1%          3
d - Inner Flame           Hex/Fire       66%        N/A       1%          3
e - Flame Wave            Conj/Fire      66%        2d15      1%          4
f - Necrotise             Necr           100%       1d9       1%          1
g - Searing Ray           Conj           100%       2d8       1%          2
h - Portal Projectile     Hex/Tloc       100%       N/A       1%          3
i - Gell's Gravitas       Tloc           66%        N/A       1%          3
j - Fireball              Conj/Fire      33%        3d14      1%          5
k - Summon Forest         Summ/Tloc      33%        N/A       1%          5
Your spell library was empty.

Dungeon Overview and Level Annotations

Branches:
Dungeon (12/15)            Temple (1/1) D:4            Lair (1/5) D:8
    Orc (1/2) D:12         Bailey (visited)

Altars:
Ashenzari
Cheibriados
Dithmenos
Elyvilon
Fedhas
Gozag
Hepliaklqana
Makhleb
Nemelex Xobeh
Okawaru
Qazlal
Ru
Trog
Uskayaw
Wu Jian
Xom
Yredelemnul
Zin
The Shining One

Shops:
D:8 =

Annotations:
D:11 3 runed translucent doors
Orc:1 Fannar


Innate Abilities, Weirdness & Mutations

You are immune to sickness and miasma.
You are immune to poison.
Your flesh is very heat resistant. (rF++)
You are vulnerable to cold. (rC-)
You float through the air rather than walking.
You learn spells naturally, not from books.
Your magical power is your life essence.
You have superior vitality. (+4 MHP)


Message History

The komodo dragon misses you.
Your larval stingfire beast stings the komodo dragon but does no damage.
The komodo dragon closely misses you.
Your larval stingfire beast barely misses the komodo dragon.
You swap places.
The komodo dragon bites your larval stingfire beast!
Your larval stingfire beast hits the komodo dragon.
Your larval stingfire beast stings the komodo dragon but does no damage.
The komodo dragon bites your larval stingfire beast.
Your larval stingfire beast hits the komodo dragon!
Your larval stingfire beast stings the komodo dragon but does no damage.
Casting: Scorch (safe; 1% risk of failure)
Confirm with . or Enter, or press ? or * to list all spells.
You conjure some foxfire!
The komodo dragon completely misses your larval stingfire beast.
Your foxfire dissipates!
The foxfire hits the komodo dragon but does no damage.
The komodo dragon is heavily wounded.
Your larval stingfire beast barely misses the komodo dragon.
Your larval stingfire beast stings the komodo dragon but does no damage.
Casting: Foxfire (safe; 1% risk of failure)
Confirm with . or Enter, or press ? or * to list all spells.
Flames lash the komodo dragon.
The komodo dragon is severely wounded.
The komodo dragon's fire resistance burns away.
Your larval stingfire beast stings the komodo dragon but does no damage.
Casting: Scorch (safe; 1% risk of failure)
Confirm with . or Enter, or press ? or * to list all spells.
Flames lash the komodo dragon but do no damage.
Casting: Scorch (safe; 1% risk of failure)
Confirm with . or Enter, or press ? or * to list all spells.
Flames lash the komodo dragon.
The komodo dragon is burned terribly!
The komodo dragon is almost dead.
* * * LOW HITPOINT WARNING * * *
The komodo dragon bites you!!
* * * LOW HITPOINT WARNING * * *
Your larval stingfire beast barely misses the komodo dragon.
The komodo dragon attacks as you move away!
The komodo dragon bites you!!
You die...

... .## #.# ...#
#.# ....###.#
........#
(.......########
................
.......<........
.....##@..!.....
... #l.####### .
#.## ##H##
#...##.#.#
##.........
##########


You could see a komodo dragon (combustible, ally target) and a friendly larval
stingfire beast (summoned).

Vanquished Creatures
  2 boulder beetles (D:12)
  A two-headed ogre (D:12)
  3 slime creatures (D:12)
  2 deep elf pyromancers
  7 wizards (D:12)
  A manticore (D:11)
  An orc sorcerer (D:12)
  A cyclops (D:11)
  An unseen horror (D:10)
  2 tengu conjurers (D:12)
  A hornet (D:11)
  4 trolls
  21 yaks
  4 wraiths
  A wyvern (D:9)
  4 fire bats (D:9)
  A steam dragon (D:7)
  A naga (shapeshifter) (D:12)
  A warg (D:12)
  A hell hound (D:9)
  3 acid dragons
  4 black bears
  9 orc warriors
  3 sky beasts (D:7)
  An ogre (Orc:1)
  6 centaurs
  3 phantoms (D:5)
  10 kobold brigands
  5 bullfrogs
  2 scorpions (D:5)
  3 gnoll sergeants
  15 killer bees
  3 howler monkeys
  2 lava snakes (D:9)
  5 orc priests
  4 hounds
  4 jellies
  A gnoll bouda (D:9)
  2 sleepcaps
  Jessica (D:2)
  Ijyb (D:3)
  9 orc wizards
  20 gnolls
  6 adders
  2 white imps
  4 worms
  A dart slug (D:3)
  39 orcs
  8 ball pythons
  5 bats
  6 endoplasms
  3 giant cockroaches
  4 goblins
  5 hobgoblins
  4 jackals
  A quokka (D:1)
  28 kobolds
  4 rats
  A spectral hobgoblin (D:5)
  2 fire vortices (D:9)
299 creatures vanquished.

Vanquished Creatures (others)
  A fire vortex (D:9)
  164 foxfires
165 creatures vanquished.

Grand Total: 464 creatures vanquished

Notes
Turn   | Place    | Note
-------+----------+-------------------------------------------
     0 | D:1      | Zalbag the Djinni Fire Elementalist began the quest for the
                  | Orb.
     0 | D:1      | Zalbag set off with the following spells memorised:
                  | Foxfire, Scorch, Volatile Blastmotes, Inner Flame, Flame
                  | Wave.
     0 | D:1      | Reached XP level 1. HP: 15/15 MP: 0/0
    37 | D:1      | Reached XP level 2. HP: 15/21 MP: 0/0
   232 | D:1      | Reached XP level 3. HP: 25/25 MP: 0/0
   232 | D:1      | Learned a level 1 spell: Necrotise
   359 | D:1      | You are sucked into a shaft and drop 1 floor!
   534 | D:2      | Noticed Jessica
   539 | D:2      | Killed Jessica
   540 | D:2      | Reached skill level 1 in Fighting
   540 | D:2      | Reached XP level 4. HP: 10/32 MP: 0/0
   748 | D:2      | Found a shimmering altar of Xom.
  1440 | D:3      | Noticed Ijyb
  1450 | D:3      | Killed Ijyb
  1451 | D:3      | Reached XP level 5. HP: 27/38 MP: 0/0
  1451 | D:3      | Learned a level 2 spell: Searing Ray
  2098 | D:4      | Found a snail-covered altar of Cheibriados.
  2283 | D:4      | Reached XP level 6. HP: 23/44 MP: 0/0
  2578 | D:4      | Noticed a black bear
  2586 | D:4      | Killed a black bear
  2587 | D:4      | Reached skill level 3 in Dodging
  2722 | D:4      | Reached XP level 7. HP: 45/49 MP: 0/0
  2722 | D:4      | Learned a level 3 spell: Portal Projectile
  2742 | D:4      | Found a staircase to the Ecumenical Temple.
  2756 | Temple   | Entered the Ecumenical Temple
  2788 | Temple   | Became a worshipper of Makhleb the Destroyer
  3492 | D:5      | Entered Level 5 of the Dungeon
  3754 | D:5      | Reached skill level 5 in Spellcasting
  3863 | D:5      | Reached XP level 8. HP: 39/56 MP: 0/0
  4032 | D:5      | Reached skill level 4 in Dodging
  4316 | D:5      | Reached * piety under Makhleb
  4574 | D:5      | Found a hazy altar of Hepliaklqana.
  5252 | D:6      | Reached XP level 9. HP: 56/63 MP: 0/0
  5252 | D:6      | Learned a level 3 spell: Gell's Gravitas
  5257 | D:6      | Reached skill level 5 in Dodging
  5525 | D:6      | Found a hide-covered altar of Uskayaw.
  5528 | D:6      | Found a shimmering altar of Xom.
  5529 | D:6      | Found an iron altar of Okawaru.
  5529 | D:6      | Found an ornate altar of the Wu Jian Council.
  5536 | D:6      | Reached ** piety under Makhleb
  5940 | D:7      | Reached skill level 5 in Fighting
  6516 | D:7      | Reached skill level 6 in Dodging
  6521 | D:7      | Reached skill level 5 in Stealth
  7163 | D:7      | Reached XP level 10. HP: 66/72 MP: 0/0
  7794 | D:8      | Found Ydaobumo's Jewellery Boutique.
  7950 | D:8      | Reached skill level 1 in Short Blades
  8145 | D:8      | Found a basalt altar of Yredelemnul.
  8154 | D:8      | Found a shadowy altar of Dithmenos.
  8284 | D:8      | Found a staircase to the Lair.
  8290 | Lair:1   | Entered Level 1 of the Lair of Beasts
  8294 | Lair:1   | Noticed a komodo dragon
  8965 | D:9      | Reached skill level 7 in Dodging
  9128 | D:9      | Reached *** piety under Makhleb
 10094 | D:9      | Reached XP level 11. HP: 50/79 MP: 0/0
 10094 | D:9      | Learned a level 5 spell: Fireball
 10095 | D:9      | Reached skill level 8 in Dodging
 10388 | D:10     | Entered Level 10 of the Dungeon
 10594 | D:10     | Found a flagged portal.
 10605 | Bailey   | Entered a bailey
 10952 | Bailey   | Identified the ring "Beusifon" {rElec rF++ Str-2 SInv
                  | Stlth+}
 11302 | Bailey   | Found a bloodstained altar of Trog.
 12468 | D:11     | Noticed a cyclops
 12480 | D:11     | Killed a cyclops
 12481 | D:11     | Reached skill level 1 in Evocations
 12630 | D:11     | Found a runed translucent gate.
 12630 | D:11     | Found a runed translucent gate.
 12630 | D:11     | Found a runed translucent gate.
 12630 | D:11     | Noticed a glowing orange brain
 12807 | D:12     | Noticed a boulder beetle
 12824 | D:12     | Killed a boulder beetle
 12825 | D:12     | Reached skill level 9 in Dodging
 12910 | D:12     | Noticed a wizard
 12913 | D:12     | Noticed a wizard
 12919 | D:12     | Killed a wizard
 12919 | D:12     | Killed a wizard
 12967 | D:12     | Noticed a wizard
 12975 | D:12     | Killed a wizard
 13094 | D:12     | Noticed a wizard
 13100 | D:12     | Killed a wizard
 13135 | D:12     | Reached XP level 12. HP: 88/88 MP: 0/0
 13436 | D:12     | Reached **** piety under Makhleb
 13437 | D:12     | Reached skill level 10 in Dodging
 13503 | D:12     | Identified the +4 dagger "Jaruzuge" {flame, rCorr}
 13521 | D:12     | Noticed a two-headed ogre
 13533 | D:12     | Killed a two-headed ogre
 14142 | D:11     | Reached skill level 10 in Fighting
 14385 | D:12     | Noticed a boulder beetle
 14397 | D:12     | Killed a boulder beetle
 14421 | D:11     | Reached skill level 11 in Dodging
 14895 | D:12     | Found a staircase to the Orcish Mines.
 14902 | D:12     | Reached XP level 13. HP: 96/97 MP: 0/0
 14902 | D:12     | Learned a level 5 spell: Summon Forest
 14907 | Orc:1    | Entered Level 1 of the Orcish Mines
 14924 | Orc:1    | Noticed Fannar
 15624 | Lair:1   | HP: 1/97 [komodo dragon (28)]
 15625 | Lair:1   | Annihilated by a komodo dragon

Illustrated notes

Levels and vault maps discovered:
D:1:      dpeg_arrival_pond, layout_rooms
D:2:      layout_basic, basic_altar, uniq_jessica
D:3:      layout_basic, uniq_ijyb
D:4:      layout_cave_pods, mainiacjoe_overflow_paths,
          minmay_temple_entry_slanted, nicolae_figureground_sparkle
D:5:      minmay_angry_zag, layout_basic,
          nicolae_hepliaklqana_monster_ancestors, ebering_dispersal_statue_hall
D:6:      layout_basic, grunt_temple_overflow_open, chequers_arboretum
D:7:      layout_gridville, eino_small_chamber_without_monster,
          minmay_misc_feat_tiny
D:8:      layout_basic, mainiacjoe_overflow_swirl, lair_entry_dummy,
          serial_shops, shop
D:9:      layout_loops_corners, serial_glass, glass_columns_a, glass_columns_a,
          minivault_23, hangedman_incinerator
D:10:     layout_basic, enter_bailey_2
D:11:     layout_irregular_city, ploomutoo_gammafunk_ghost_potion_laboratory,
          nicolae_straight_to_the_point
D:12:     minmay_tri_stars, layout_basic, hex_tiny, dreamdust_princess_bridge,
          fungi_pond_lemuel
Temple:   zaba_magenta_temple
Lair:1:   layout_loops_ring, nicolae_quartered_pool_super
Orc:1:    layout_caves, uniq_fannar

Skill      XL: |  1  2  3  4  5  6  7  8  9 10 11 12 |
---------------+-------------------------------------+-----
Spellcasting   | 3 4 5 6 7 8 9 |  9.6
Fighting       | 1 2 3 4 5 7 8 10 | 10.6
Stealth        | 2 3 5 6 7 |  7.3
Dodging        | 3 4 6 7 9 11 | 11.4
Short Blades   | 1 |  1.0
Evocations     | 3 4 |  4.3

Action                     |  1- 3 |  4- 6 |  7- 9 | 10-12 | 13-15 || total
---------------------------+-------+-------+-------+-------+-------++-------
  Melee: Dagger            |    29 |    19 |    30 |    26 |       ||   104
         Punch             |       |       |       |     1 |       ||     1
  Throw: Stone             |     5 |     5 |       |       |       ||    10
         Boomerang         |       |       |    26 |     3 |       ||    29
         Dart              |       |       |     4 |    65 |       ||    69
         Javelin           |       |       |       |     1 |       ||     1
   Cast: Foxfire           |    13 |    14 |    20 |    45 |     2 ||    94
         Scorch            |     6 |    52 |   143 |   245 |    37 ||   483
         Searing Ray       |       |     1 |       |    16 |       ||    17
         Volatile Blastmot |       |       |     1 |     4 |       ||     5
         Fireball          |       |       |       |    19 |     2 ||    21
         Portal Projectile |       |       |       |     1 |       ||     1
         Necrotise         |       |       |       |     1 |       ||     1
  Evoke: Wand              |       |       |     1 |     5 |       ||     6
         Lightning rod     |       |       |       |       |     2 ||     2
         Box of beasts     |       |       |       |       |     1 ||     1
    Use: Potion            |       |     1 |       |     2 |     1 ||     4
         Scroll            |       |     4 |     4 |     1 |       ||     9
   Stab: Sleeping          |     1 |     2 |     4 |     9 |       ||    16
 Armour: Robe              |     7 |     5 |    26 |    47 |    10 ||    95
  Dodge: Dodged            |    18 |    30 |    73 |   235 |    59 ||   415
